 Dungeon Crawl Stone Soup version 0.30-a0-860-g512cf1e979 (webtiles) character file.

Game seed: 17910777532561003353

15365 Ge0ff the Destroyer (level 12, -2/99 HPs)
             Began as a Naga Conjurer on Mar 7, 2023.
             Was a Priest of Sif Muna.
             Slain by a quicksilver ooze (3 damage)
             ... in an ice cave.
             The game lasted 00:44:30 (16756 turns).

Ge0ff the Destroyer (Naga Conjurer)                Turns: 16756, Time: 00:44:31

Health: -2/99      AC: 14    Str: 15    XL:     12   Next: 26%
Magic:  0/22       EV:  7    Int: 22    God:    Sif Muna [***...]
Gold:   572        SH:  0    Dex: 11    Spells: 6/24 levels left

rFire   + . .      SeeInvis +    a - +10 falchion "Merhergh" {vamp, Will+ Str+5}
rCold   . . .      Faith    .    (no shield)
rNeg    + . .      Spirit   .    l - +3 troll leather armour
rPois   +          Reflect  .    (no helmet)
rElec   .          Rampage  .    w - +0 cloak
rCorr   .                        x - +0 pair of gloves
Will    ++...                    t - -1 barding
Stlth   ++                       R - amulet of regeneration
HPRegen 1.96/turn                o - ring of positive energy
MPRegen 0.18/turn                z - ring of protection from fire {=R}

@: engulfed (cannot breathe), very slow
A: AC +4, large, see invisible, deformed body, poison resistance, slowness 2,
spit poison 1, naga tail 1
a: Spit Poison, Renounce Religion, Channel Magic, Forget Spell


You were in an ice cave.
You worshipped Sif Muna.
Sif Muna was most pleased with you.
You visited 2 branches of the dungeon, and saw 12 of its levels.
You also visited: Bailey and Ice Cave.

You collected 788 gold pieces.
You spent 216 gold pieces at shops.

Inventory:

Hand Weapons
 a - the +10 falchion "Merhergh" (weapon) {vamp, Will+ Str+5}
   (You found it on level 6 of the Dungeon)

   Str:       It affects your strength (+5).
   Will:      It increases your willpower.
 k - a +1 dagger of electrocution
 p - a +2 scimitar of flaming
 B - the +1 mace of Doom {flame, rPois rN+ Will- SInv}
   (You took it off an orc on level 6 of the Dungeon)

   rPois:     It protects you from poison.
   rN:        It protects you from negative energy.
   SInv:      It lets you see invisible.
   Will:      It decreases your willpower.
 F - a +1 trident of flaming
 Y - a +0 vampiric spear
 Z - a +6 dagger of speed
Missiles
 g - a throwing net {=F}
 v - 6 curare-tipped darts {=F}
 O - 8 boomerangs of dispersal
 Q - 26 javelins
 S - 12 boomerangs
Armour
 l - a +3 troll leather armour (worn)
 n - a +2 robe of positive energy
 t - a -1 barding (worn)
 w - a +0 cloak (worn)
 x - a +0 pair of gloves (worn)
 U - a +1 leather armour of willpower
Magical Staves
 b - a staff of air
 D - a staff of poison
 G - a staff of death
Jewellery
 o - a ring of positive energy (left hand)
 z - a ring of protection from fire (right hand) {=R}
 R - an amulet of regeneration (around neck)
Wands
 f - a wand of flame (40)
 j - a wand of acid (3)
 r - a wand of roots (14)
 s - a wand of mindburst (24)
 P - a wand of polymorph (5)
Scrolls
 y - a scroll of immolation
 C - a scroll of poison
 E - a scroll of fear
 J - 2 scrolls of silence {!r}
 T - 9 scrolls of teleportation
 V - 4 scrolls of vulnerability
Potions
 q - 10 potions of curing
 u - a potion of mutation {!q}
 A - 3 potions of attraction
 H - 3 potions of haste {!q}
 I - 3 potions of invisibility
 K - a potion of magic {!q}
 L - a potion of lignification
 M - 2 potions of might
 N - a potion of cancellation {!q}
 X - 2 potions of flight


   Skills:
 + Level 4.0 Fighting
 - Level 1.0 Throwing
 + Level 0.2 Armour
 - Level 2.0 Dodging
 + Level 3.1 Stealth
 + Level 6.7 Spellcasting
 + Level 12.0 Conjurations
 - Level 5.0 Hexes
 - Level 5.0 Translocations
 + Level 10.8 Air Magic
 + Level 0.3 Invocations
 + Level 4.1 Evocations


You had 6 spell levels left.
You knew the following spells:

 Your Spells              Type           Power      Damage    Failure   Level
d - Iskenderun's Mystic   Conj/Tloc      44%        2d10      3%          4
j - Searing Ray           Conj           100%       2d8       1%          2
k - Magic Dart            Conj           100%       1d8       1%          1
p - Fulminant Prism       Conj/Hex       22%        3d12      3%          4
B - Blink                 Tloc           58%        N/A       1%          2
C - Arcjolt               Conj/Air       27%        1d37      2%          5

Your spell library contained the following spells:

 Spells                   Type           Power      Damage    Failure   Level
 Kiss of Death            Conj/Necr      100%       2d13      1%          1
 Lesser Beckoning         Tloc           58%        N/A       1%          2
 Momentum Strike          Conj/Tloc      88%        3d10      1%          2
 Static Discharge         Conj/Air       100%       2-7/arc   1%          2
 Dazzling Flash           Conj/Hex       88%        N/A       1%          3
 Vhi's Electric Charge    Tloc/Air       84%        N/A       1%          3
 Hailstorm                Conj/Ice       33%        3d8       2%          3
 Lightning Bolt           Conj/Air       27%        1d44      2%          5
 Confusing Touch          Hex            29%        N/A       4%          3
 Ensorcelled Hibernation  Hex/Ice        36%        N/A       5%          2
 Freeze                   Ice            28%        1d5       11%         1
 Sublimation of Blood     Necr           7%         N/A       16%         2
 Wereblood                Tmut           7%         N/A       16%         2
 Frozen Ramparts          Ice            14%        1d3       30%         3
 Spider Form              Tmut/Pois      7%         N/A       30%         3
 Anguish                  Hex/Necr       9%         N/A       36%         4
 Dispel Undead            Necr           7%         3d8       71%         4
 Summon Hydra             Summ           3%         N/A       100%        7
 Chain Lightning          Conj/Air       27%        3d36      100%        9
 Fire Storm               Conj/Fire      16%        8d4       100%        9
 Shatter                  Erth           3%         3d7*      100%        9


Dungeon Overview and Level Annotations

Branches:
Dungeon (11/15) Zot: 26789  Temple (1/1) D:6 Zot: 5832    Lair (0/5) D:10
    Orc (0/2) D:9          Bailey (visited)           IceCv (1/1) Zot: 5483

Altars:
Ashenzari
Cheibriados
Dithmenos
Elyvilon
Fedhas
Gozag
Hepliaklqana
Kikubaaqudgha
Makhleb
Nemelex Xobeh
Okawaru
Qazlal
Ru
Sif Muna
Trog
Uskayaw
Vehumet
Wu Jian
Xom
Yredelemnul
Zin
The Shining One

Shops:
D:8 *

Annotations:
D:10 dig IceCv exclusion: ice statue


Innate Abilities, Weirdness & Mutations

Your serpentine skin is tough. (AC +4)
You have supernaturally acute eyesight. (SInv)
Armour fits poorly on your strangely shaped body.
Your system is resistant to poisons. (rPois)
You cover ground very slowly.
You can spit poison.
You have a snake-like lower body.


Message History

Okay, then.
Aiming: Throw Flame
Press: ? - help, Shift-Dir - straight line, f - quicksilver ooze
Aim: a quicksilver ooze (ally target, 53% to hit)
The puff of flame misses the quicksilver ooze.
The quicksilver ooze hits you! The quicksilver ooze engulfs you!
The quicksilver ooze hits you!
You feel your power leaking away.
Your fulminant prism explodes!
The blast of energy engulfs the quicksilver ooze!
The quicksilver ooze is moderately wounded.
Your fulminant prism crackles loudly.
Aiming: Throw Flame
Press: ? - help, Shift-Dir - straight line, f/p - quicksilver ooze
Aim: a quicksilver ooze (moderately wounded, ally target, 53% to hit)
The puff of flame hits the quicksilver ooze.
The quicksilver ooze is moderately wounded.
Your lungs strain for air!
The quicksilver ooze hits you! The quicksilver ooze hits you.
Your fulminant prism explodes!
Your lungs strain for air!
The quicksilver ooze hits you.
The quicksilver ooze hits you but does no damage.
The quicksilver ooze hits you. x2; The quicksilver ooze hits you!
The quicksilver ooze hits you.
You slip free of the ooze engulfing you.
You gasp with relief as air once again reaches your lungs.
The quicksilver ooze hits you!
* * * LOW HITPOINT WARNING * * *
The quicksilver ooze hits you.
* * * LOW HITPOINT WARNING * * *
Really quaff
W - a potion of heal wounds {!q}?
You feel much better. The quicksilver ooze barely misses you.
The quicksilver ooze closely misses you.
The quicksilver ooze hits you. The quicksilver ooze engulfs you!
The quicksilver ooze hits you!
* * * LOW HITPOINT WARNING * * *
You feel your power leaking away.
You slip free of the ooze engulfing you.
You gasp with relief as air once again reaches your lungs.
The quicksilver ooze hits you!
* * * LOW HITPOINT WARNING * * *
The quicksilver ooze engulfs you! The quicksilver ooze hits you.
* * * LOW HITPOINT WARNING * * *
* * * LOW HITPOINT WARNING * * *
Your lungs strain for air!
The quicksilver ooze hits you!
* * * LOW HITPOINT WARNING * * *
The quicksilver ooze hits you.
You die...

##### ##...##
#.J...##
##@.....# ....
#.......# ...#
#.......## #...#
#...#....## #....
#..##.#...# #....
#..##.##..## #...
#..##)[##..#
#...##...#([.#..#
#.....J.##..##.##


You could see a quicksilver ooze.

Vanquished Creatures
  An ice dragon (D:10)
  Erica (D:8)
  2 two-headed ogres
  An ugly thing (D:9)
  Joseph (D:7)
  2 gargoyles
  A komodo dragon (D:10)
  3 kobold demonologists
  2 trolls
  4 shadows
  A slime creature (IceCv)
  2 wraiths (D:9)
  17 yaks
  A wyvern (D:9)
  Eustachio (D:6)
  A swamp drake (D:9)
  12 orc warriors
  3 sky beasts
  2 great orb of eyes simulacra (IceCv)
  A black bear (D:6)
  An ice beast (D:6)
  2 ogres
  14 centaurs
  A slime creature simulacrum (IceCv)
  A phantom (D:6)
  4 kobold brigands
  7 bullfrogs
  A glowing shapeshifter simulacrum (IceCv)
  A gnoll sergeant (D:9)
  2 scorpions
  9 killer bees
  4 howler monkeys
  6 electric eels (D:10)
  2 quasits (D:5)
  2 hounds
  A jelly (D:6)
  4 orc priests (D:9)
  Crazy Yiuf (D:4)
  12 orc wizards
  7 iguanas
  2 shapeshifter simulacra (IceCv)
  10 adders
  16 gnolls
  5 shadow imps
  4 white imps
  5 ufetubi
  4 worms
  4 dart slugs
  56 orcs
  11 bats
  8 endoplasms
  5 giant cockroaches
  7 hobgoblins
  5 jackals
  2 quokkas
  12 ball pythons
  18 goblins
  18 kobolds
  5 rats
338 creatures vanquished.

Vanquished Creatures (others)
  9 demonic plants (D:5)
  35 fulminant prisms
  9 fungi (D:10)
  9 plants (D:10)
62 creatures vanquished.

Grand Total: 400 creatures vanquished

Notes
Turn   | Place    | Note
-------+----------+-------------------------------------------
     0 | D:1      | Ge0ff the Naga Conjurer began the quest for the Orb.
     0 | D:1      | Reached XP level 1. HP: 15/15 MP: 3/3
   145 | D:1      | Reached skill level 1 in Fighting
   145 | D:1      | Reached XP level 2. HP: 25/25 MP: 3/5
   880 | D:1      | Reached XP level 3. HP: 18/31 MP: 6/6
  1403 | D:2      | Reached skill level 5 in Conjurations
  1617 | D:2      | Reached XP level 4. HP: 38/38 MP: 5/7
  1739 | D:2      | Learned a level 2 spell: Searing Ray
  1742 | D:2      | Learned a level 2 spell: Blink
  2243 | D:2      | You fall into a shaft and drop 1 floor!
  2668 | D:3      | Reached skill level 6 in Conjurations
  2786 | D:3      | Reached XP level 5. HP: 44/44 MP: 5/8
  4491 | D:4      | Reached XP level 6. HP: 47/51 MP: 1/9
  4839 | D:4      | Found a runed translucent door.
  4840 | D:4      | Noticed Crazy Yiuf
  4857 | D:4      | Reached skill level 7 in Conjurations
  4883 | D:4      | Learned a level 4 spell: Fulminant Prism
  4957 | D:4      | Reached skill level 1 in Evocations
  5158 | D:4      | Reached skill level 1 in Hexes
  5158 | D:4      | Reached XP level 7. HP: 56/57 MP: 7/11
  5532 | D:5      | Entered Level 5 of the Dungeon
  6598 | D:5      | Found a sparkling altar of Nemelex Xobeh.
  6600 | D:5      | Noticed a gargoyle
  6687 | D:5      | Found a bloodstained altar of Trog.
  6696 | D:5      | Reached XP level 8. HP: 35/64 MP: 0/13
  7075 | D:5      | Found a sparkling altar of Nemelex Xobeh.
  7109 | D:6      | Found a staircase to the Ecumenical Temple.
  7119 | Temple   | Entered the Ecumenical Temple
  7219 | Temple   | Learned a level 4 spell: Iskenderun's Mystic Blast
  7223 | Temple   | Became a worshipper of Sif Muna the Loreminder
  7392 | D:6      | Noticed Eustachio
  7461 | D:6      | Reached skill level 8 in Conjurations
  7461 | D:6      | Reached skill level 5 in Hexes
  7716 | D:6      | Identified the +1 mace of Doom {flame, rPois rN+ Will-
                  | SInv}
  8118 | D:6      | Killed Eustachio
  8119 | D:6      | Reached skill level 9 in Conjurations
  8123 | D:6      | Reached XP level 9. HP: 27/70 MP: 1/15
  8375 | D:6      | Found an ornate altar of the Wu Jian Council.
  8429 | D:7      | Reached * piety under Sif Muna
  8430 | D:7      | Reached skill level 1 in Translocations
  8560 | D:7      | Noticed Joseph
  8667 | D:7      | Found a flagged portal.
  8683 | Bailey   | Entered a bailey
  8866 | Bailey   | Reached skill level 10 in Conjurations
  9481 | Bailey   | Reached skill level 5 in Translocations
  9683 | Bailey   | Reached skill level 5 in Spellcasting
  9766 | Bailey   | Reached ** piety under Sif Muna
  9844 | Bailey   | Reached skill level 1 in Throwing
  9957 | Bailey   | Reached XP level 10. HP: 72/85 MP: 10/17
 10666 | D:7      | Killed Joseph
 11054 | D:4      | Killed Crazy Yiuf
 11188 | D:5      | Killed a gargoyle
 11469 | D:6      | Identified the +10 falchion "Merhergh" {vamp, Will+ Str+5}
 11554 | D:8      | Noticed Erica
 11560 | D:8      | Reached skill level 11 in Conjurations
 11570 | D:8      | Killed Erica
 11699 | D:8      | Learned a level 5 spell: Arcjolt
 12007 | D:8      | Found Vamiu's Lightly-Used Armoury.
 12011 | D:8      | Bought a -1 barding for 216 gold pieces
 12091 | D:8      | Reached skill level 12 in Conjurations
 12654 | D:9      | Found a blossoming altar of Fedhas.
 12657 | D:9      | Found an ancient bone altar of Kikubaaqudgha.
 12943 | D:9      | Reached skill level 5 in Air Magic
 12943 | D:9      | Reached XP level 11. HP: 92/92 MP: 6/18
 13086 | D:9      | Found a hazy altar of Hepliaklqana.
 13086 | D:9      | Found a sacrificial altar of Ru.
 13091 | D:9      | Found a basalt altar of Yredelemnul.
 13091 | D:9      | Found an iron altar of Okawaru.
 13454 | D:9      | Noticed a purple ugly thing
 13462 | D:9      | Killed a purple ugly thing
 13464 | D:9      | Reached *** piety under Sif Muna
 13564 | D:9      | Found a blossoming altar of Fedhas.
 13915 | D:9      | Found a staircase to the Orcish Mines.
 14443 | D:10     | Entered Level 10 of the Dungeon
 14449 | D:10     | Noticed a two-headed ogre
 14456 | D:10     | Killed a two-headed ogre
 14852 | D:10     | Noticed an ice dragon
 15125 | D:10     | Found a staircase to the Lair.
 15687 | D:10     | Noticed an orc knight
 15687 | D:10     | Noticed a two-headed ogre
 15687 | D:10     | Noticed a boulder beetle
 15940 | D:10     | Killed an ice dragon
 15941 | D:10     | Reached skill level 10 in Air Magic
 15941 | D:10     | Reached XP level 12. HP: 62/99 MP: 9/21
 16111 | D:11     | Noticed a two-headed ogre
 16119 | D:11     | Killed a two-headed ogre
 16228 | D:11     | Found a frozen archway.
 16271 | IceCv    | Entered an ice cave
 16740 | IceCv    | Noticed a quicksilver ooze
 16756 | IceCv    | HP: 1/99 [quicksilver ooze (16)]
 16756 | IceCv    | Slain by a quicksilver ooze

Illustrated notes

Levels and vault maps discovered:
D:1:      psy_arrival_statuary, layout_basic
D:2:      kennysheep_the_goblin_king, layout_basic, nicolae_wormholes
D:3:      minmay_door_path, layout_basic, roderic_lattice_a, chequers_avenue
D:4:      layout_basic, minmay_misc_feat_doors, uniq_crazy_yiuf_cottage
D:5:      layout_cave_pools, general_overflow_altar, serial_demonic,
          serial_demonic_f, serial_demonic_g, serial_demonic_f,
          serial_demonic_g, serial_demonic_b, serial_demonic_f,
          serial_demonic_b, serial_demonic_b, hangedman_feature_mirror
D:6:      layout_basic, nicolae_wu_jian_glorious_leap,
          minmay_temple_entry_drinking_statues, uniq_eustachio
D:7:      layout_basic, enter_bailey_6, palyth_stone_intersect, minmay_between,
          uniq_joseph
D:8:      layout_basic, minmay_shop_damaged, hangedman_abyss_or_decor_stagger,
          wad_floor_pattern_1, minivault_10, uniq_erica
D:9:      layout_roguey, grunt_temple_overflow_growth_and_decay,
          grunt_temple_overflow_open, erik_orc_1, minmay_ruined_shrine
D:10:     dragon1_lemuel, layout_basic, grunt_lair_entry_orc_guard_hut,
          lightli_corner_chamber
D:11:     layout_loops_ring, portal_ice_cave_entry_pillars_1
Temple:   jpeg_temple_clearing
IceCv:    ice_cave_hellmonk_azure_passage

Skill      XL: |  1  2  3  4  5  6  7  8  9 10 11 |
---------------+----------------------------------+-----
Fighting       | 1 3 4 |  4.0
Conjurations   | 5 6 7 9 10 12 | 12.0
Spellcasting   | 3 4 5 6 |  6.7
Evocations     | 1 2 4 |  4.1
Hexes          | 1 3 5 |  5.0
Translocations | 5 |  5.0
Throwing       | 1 |  1.0
Dodging        | 2 |  2.0
Air Magic      | 5 10 | 10.8
Armour         | |  0.2
Stealth        | |  3.1
Invocations    | |  0.3

Action                     |  1- 3 |  4- 6 |  7- 9 | 10-12 || total
---------------------------+-------+-------+-------+-------++-------
  Melee: Unarmed           |     2 |       |     1 |       ||     3
         Dagger            |     5 |     8 |    27 |       ||    40
         Falchion          |       |       |       |    76 ||    76
  Throw: Throwing net      |       |       |       |     1 ||     1
         Dart              |       |       |       |     3 ||     3
   Cast: Magic Dart        |    47 |   103 |   200 |    50 ||   400
         Searing Ray       |       |     8 |    48 |    30 ||    86
         Fulminant Prism   |       |       |     8 |    27 ||    35
         Iskenderun's Myst |       |       |       |    28 ||    28
         Blink             |       |       |       |    10 ||    10
         Arcjolt           |       |       |       |    32 ||    32
 Invoke: Channel Magic     |       |       |       |     1 ||     1
Ability: Spit Poison       |    18 |    33 |    53 |    20 ||   124
  Evoke: Wand              |       |       |    19 |    26 ||    45
    Use: Scroll            |       |     6 |     8 |    19 ||    33
         Potion            |       |       |     3 |     2 ||     5
   Stab: Sleeping          |     4 |     4 |       |     1 ||     9
 Armour: Robe              |     2 |     5 |    36 |   129 ||   172
         Skin              |       |       |     7 |       ||     7
         Troll leather arm |       |       |       |     3 ||     3
  Dodge: Dodged            |    16 |     9 |    69 |    95 ||   189

Table legend: (Time is in decaauts)
 A = Elapsed time spent in this place.
 B = Non-inter-level travel time spent in this place.
 C = Inter-level travel time spent in this place.
 D = Time resting spent in this place.
 E = Time spent auto-exploring this place.
 F = Levels seen in this place.
 G = Mean time per level.
                   A        B        C        D        E       F      G
               +--------+--------+--------+--------+--------+-----+--------+
         Total |  20281 |  19206 |   1075 |   1583 |  14342 |  14 | 1448.6 |
       Dungeon |  17728 |  16676 |   1052 |   1063 |  13030 |  11 | 1611.6 |
        Temple |    167 |    144 |     23 |      0 |    114 |   1 |  167.0 |
        Bailey |   1870 |   1870 |      0 |    178 |   1196 |   1 | 1870.0 |
      Ice Cave |    515 |    515 |      0 |    342 |      0 |   1 |  515.0 |
               +--------+--------+--------+--------+--------+-----+--------+

Top non-repeatable levels by time:
     D:3: 2264 daAuts
     D:9: 2195 daAuts
    D:10: 1979 daAuts
     D:4: 1967 daAuts
  Bailey: 1870 daAuts
     D:1: 1770 daAuts
     D:6: 1684 daAuts
     D:5: 1556 daAuts
     D:2: 1495 daAuts
     D:8: 1405 daAuts
     D:7: 1198 daAuts
   IceCv: 515 daAuts
    D:11: 210 daAuts
  Temple: 167 daAuts
